 Dungeon Crawl Stone Soup version 0.29-a0-82-g837932c90e (webtiles) character file.

Game seed: 16910379333228380826

75 dmks the Ruffian (level 4, 0/35 HPs)
             Began as a Draconian Transmuter on Feb 4, 2022.
             Slain by Crazy Yiuf (6 damage)
             ... on level 2 of the Dungeon.
             The game lasted 00:03:40 (2174 turns).

dmks the Ruffian (Draconian Transmuter)             Turns: 2174, Time: 00:03:41

Health: 0/35       AC:  5    Str: 12    XL:     4   Next: 11%
Magic:  6/8        EV: 12    Int: 16    God:
Gold:   57         SH:  0    Dex: 11    Spells: 5/8 levels left

rFire   . . .      SeeInvis .     - Unarmed
rCold   . . .      Faith    .   (no shield)
rNeg    . . .      Spirit   .   (armour unavailable)
rPois   .          Reflect  .   (helmet restricted)
rElec   .          Harm     .   (no cloak)
rCorr   .          Rampage  .   (no gloves)
Will    .....                   (no boots)
Stlth   +.........              (no amulet)
HPRegen 0.11/turn               (no ring)
MPRegen 0.11/turn               (no ring)

@: lethally poisoned (0 -> -17), wereblooded
A: AC +5, unfitting armour, cold-blooded
a: no special abilities


You were on level 2 of the Dungeon.
You visited 1 branch of the dungeon, and saw 2 of its levels.

You collected 57 gold pieces.

Inventory:

Armour
 k - an orb of wrath
   (You found it on level 2 of the Dungeon)
Scrolls
 b - a scroll of enchant weapon {unknown}
 c - a scroll of identify {@r1}
 d - a scroll of enchant armour {unknown}
 f - a scroll of silence {unknown}
 g - a scroll of summoning {unknown}
 h - a scroll of vulnerability {unknown}
 i - a scroll of amnesia {unknown}
Potions
 a - 2 potions of brilliance {unknown}
 e - 2 potions of heal wounds {@q2}
 j - a potion of flight {unknown}


   Skills:
 - Level 1.1 Fighting
 - Level 1.7 Dodging
 * Level 4.1 Unarmed Combat
 + Level 2.6 Spellcasting
 + Level 2.7 Transmutations


You had 5 spell levels left.
You knew the following spells:

 Your Spells              Type           Power      Damage    Failure   Level
a - Beastly Appendage     Tmut           20%        N/A       6%          1
b - Wereblood             Tmut           10%        N/A       10%         2

Your spell library contained the following spells:

 Spells                   Type           Power      Damage    Failure   Level
 Sublimation of Blood     Necr           2%         N/A       30%         2
 Spider Form              Tmut/Pois      6%         N/A       32%         3
 Ice Form                 Ice/Tmut       6%         N/A       73%         4
 Petrify                  Tmut/Erth      6%         N/A       73%         4
 Irradiate                Conj/Tmut      3%         3d15      97%         5


Dungeon Overview and Level Annotations

Branches:
Dungeon (2/15)

Altars:

Annotations:
D:2 Crazy Yiuf


Innate Abilities, Weirdness & Mutations

Your plain brown scales are hard. (AC +5)
You cannot fit into any form of body armour.
You are cold-blooded and may be slowed by cold attacks.


Message History

The kobold hits you with a +0 short sword.
You hit the kobold.
You kill the kobold!
No target in view!
You now have 57 gold pieces (gained 12).
There is a stone staircase leading down here.
Found a leather armour and 3 javelins.
You see here a +0 leather armour.
Found a stone staircase leading down.
There is a stone staircase leading down here.
You open the door.
Found a glowing orb.
A rat comes into view.
There is an open door here.
A rat is nearby!
You barely miss the rat. The rat closely misses you.
You hit the rat.
You kill the rat!
No target in view!
You see here an orb of wrath.
You see here an orb of wrath.
k - an orb of wrath You open the door.
You open the door.
There is an open door here.
Crazy Yiuf shouts!
Could not explore, unopened runed door.
You grow a pair of large bovine horns.
Your feet morph into talons.
Your transformation is almost over.
Unknown command.
Memorise Wereblood, consuming 2 spell levels and leaving 5?
Crazy Yiuf says, "Action pontify cower!"
You start memorising the spell.
You continue memorising. x2
Crazy Yiuf flaps his cloak.
You finish memorising.
Spell assigned to 'b'.
Your blood is infused with primal strength.
You open the door. You hit Crazy Yiuf. You claw Crazy Yiuf, but do no damage.
Crazy Yiuf barely misses you.
You hit Crazy Yiuf but do no damage.
Your horns disappear.
Your talons disappear.
Crazy Yiuf flaps his cloak.
Crazy Yiuf hits you with a +2 quarterstaff of chaos!
You are poisoned.
You hit Crazy Yiuf.
Your tail-slap misses Crazy Yiuf.
You feel very sick.
Crazy Yiuf hits you with a +2 quarterstaff of chaos!
* * * LOW HITPOINT WARNING * * *
Crazy Yiuf burns you.
You die...

#.....# #.....###
####[...# # #....#
####....#
........##♣♣♣♣♣
...#........♣.♣♣♣ ###
##.#.........♣..♣#...#
...#<#......♣♣♣♣@g...#
#######....♣♣ ♣♣#..)#
........##♣♣ ###
######### #.......#
##)####.########
.).....>....##.#
...########.##.# #####
#.##.#


You could see Crazy Yiuf.

Vanquished Creatures
  Jessica (D:2)
  An adder (D:2)
  A dart slug (D:1)
  3 endoplasms
  8 goblins
  4 hobgoblins
  3 jackals (D:1)
  3 ball pythons (D:1)
  5 bats
  A frilled lizard (D:2)
  5 kobolds
  4 rats
39 creatures vanquished.

Notes
Turn   | Place    | Note
-------+----------+-------------------------------------------
     0 | D:1      | dmks the Draconian Transmuter began the quest for the Orb.
     0 | D:1      | Reached XP level 1. HP: 16/16 MP: 3/3
   524 | D:1      | Reached XP level 2. HP: 18/23 MP: 5/5
  1128 | D:1      | Reached XP level 3. HP: 20/28 MP: 6/6
  1649 | D:2      | Noticed Jessica
  1666 | D:2      | Killed Jessica
  1667 | D:2      | Reached skill level 4 in Unarmed Combat
  1667 | D:2      | Reached XP level 4. HP: 12/35 MP: 7/7
  1998 | D:2      | Found a runed translucent door.
  1999 | D:2      | Noticed Crazy Yiuf
  2169 | D:2      | Learned a level 2 spell: Wereblood
  2174 | D:2      | Slain by Crazy Yiuf

Illustrated notes

Levels and vault maps discovered:
D:1:      minmay_arrival_solitary_statue, layout_loops_ring,
          serial_bayou_lagoon_a
D:2:      layout_basic, uniq_jessica, uniq_crazy_yiuf_cottage

Skill      XL: |  1  2  3 |
---------------+----------+-----
Unarmed Combat | 4 |  4.1
Fighting       | |  1.1
Dodging        | |  1.7
Spellcasting   | |  2.6
Transmutations | |  2.7

Action                   |  1- 3 |  4- 6 || total
-------------------------+-------+-------++-------
Melee: Unarmed           |   108 |    13 ||   121
       Tailslap          |     9 |       ||     9
       Kick              |    11 |     2 ||    13
       Headbutt          |     8 |       ||     8
       Punch             |     2 |       ||     2
 Cast: Beastly Appendage |    14 |     2 ||    16
       Wereblood         |       |     1 ||     1
  Use: Scroll            |       |     1 ||     1
Armor: Skin              |    32 |     3 ||    35
Dodge: Dodged            |    86 |     3 ||    89

Table legend: (Time is in decaauts)
 A = Elapsed time spent in this place.
 B = Non-inter-level travel time spent in this place.
 C = Inter-level travel time spent in this place.
 D = Time resting spent in this place.
 E = Time spent auto-exploring this place.
 F = Levels seen in this place.
 G = Mean time per level.
                   A        B        C        D        E       F      G
               +--------+--------+--------+--------+--------+-----+--------+
         Total |   2175 |   2141 |     34 |    229 |   1557 |   2 | 1087.5 |
       Dungeon |   2175 |   2141 |     34 |    229 |   1557 |   2 | 1087.5 |
               +--------+--------+--------+--------+--------+-----+--------+

Top non-repeatable levels by time:
     D:1: 1397 daAuts
     D:2: 778 daAuts
